 Dungeon Crawl Stone Soup version 0.30-a0-634-g8abc85282e (webtiles) character file.

Game seed: 4328435557498234437

51 holysushi the Cutter (level 4, 0/38 HPs)
             Began as a Meteoran Monk on Jan 14, 2023.
             Slain by a hobgoblin (6 damage)
             ... led by Robin
             ... on level 2 of the Dungeon.
             The game lasted 00:03:53 (969 turns).

holysushi the Cutter (Meteoran Monk)                 Turns: 969, Time: 00:03:54

Health: 0/38       AC:  2    Str: 12    XL:     4   Next: 27%
Magic:  5/5        EV: 14    Int: 11    God:
Gold:   93         SH:  0    Dex: 19    Spells: 1/3 levels left

rFire   . . .      SeeInvis .    a - +0 short sword
rCold   . . .      Faith    .    (no shield)
rNeg    . . .      Spirit   .    b - +0 robe
rPois   .          Reflect  .    (no helmet)
rElec   .          Harm     .    (no cloak)
rCorr   .          Rampage  .    (no gloves)
Will    .....                    (no boots)
Stlth   +                        n - amulet of regeneration
HPRegen 1.06/turn                (no ring)
MPRegen 0.09/turn                (no ring)

@: glowing
A: sense surroundings 1, otherworldly, glowing, explore regen
a: no special abilities


You were on level 2 of the Dungeon.
You visited 1 branch of the dungeon, and saw 3 of its levels.

You collected 93 gold pieces.

Inventory:

Hand Weapons
 a - a +0 short sword (weapon)
 k - a +0 long sword
Armour
 b - a +0 robe (worn)
 m - a +0 helmet
Jewellery
 l - an amulet of faith
 n - an amulet of regeneration (around neck)
 o - an amulet of reflection
Scrolls
 e - a scroll of noise {unknown}
 f - a scroll of vulnerability {unknown}
 j - 2 scrolls of fog
Potions
 c - a potion of ambrosia
 d - a potion of degeneration
 g - a potion of lignification
 h - a potion of cancellation
 i - 3 potions of curing
 p - a potion of berserk rage {unknown}


   Skills:
 - Level 3.2 Fighting
 * Level 5.1 Short Blades
 - Level 3.6 Dodging
 - Level 1.4 Stealth


You had one spell level left.
You knew the following spells:

 Your Spells              Type           Power      Damage    Failure   Level
a - Blink                 Tloc           0%         N/A       47%         2

Your spell library contained the following spells:

 Spells                   Type           Power      Damage    Failure   Level
 Momentum Strike          Conj/Tloc      0%         3d8       47%         2
 Lesser Beckoning         Tloc           0%         N/A       71%         3


Dungeon Overview and Level Annotations

Branches:
Dungeon (3/15) Zot: 868

Altars:

Annotations:
D:2 Robin


Innate Abilities, Weirdness & Mutations

You passively map a small area around you.
You are easily found by Zot.
You glow in the dark.
You regain HP and MP as you explore.


Message History

You completely miss the goblin. The goblin closely misses you.
The hobgoblin misses you.
You hit the goblin.
The goblin is heavily wounded.
The goblin barely misses you.
The hobgoblin hits you but does no damage.
You completely miss the goblin.
The goblin is heavily wounded.
You hit the goblin.
You kill the goblin!
Robin throws the goblin at you! The hobgoblin hits you. The goblin misses you.
You hit the goblin.
The goblin is severely wounded.
The hobgoblin closely misses you. The goblin misses you.
You closely miss the goblin.
The goblin is severely wounded.
The goblin hits you but does no damage. The hobgoblin hits you.
You hit the goblin.
You kill the goblin!
You barely miss the hobgoblin.
The hobgoblin is almost dead.
Robin throws the goblin at you!
The goblin hits you with a +2 dagger of freezing.
The goblin freezes you. The hobgoblin closely misses you.
You closely miss the hobgoblin.
The hobgoblin is almost dead.
The hobgoblin barely misses you.
The goblin hits you with a +2 dagger of freezing.
The goblin freezes you.
You hit the goblin.
The goblin is moderately wounded.
You closely miss the hobgoblin.
The hobgoblin is almost dead.
The goblin hits you with a +2 dagger of freezing.
The goblin freezes you. The hobgoblin hits you.
* * * LOW HITPOINT WARNING * * *
You closely miss the hobgoblin.
The hobgoblin is almost dead.
The goblin barely misses you. The hobgoblin hits you.
You die...

...#..........##.#
#.###............###############
##[#....####.....#.............#
#.⌠)#...# #.....#............<#
.#.###..# #.....#.............#
###.#..## #.....#.............##
.#....## #####.#...............
...#### #g#............... ..##
#@#.............[. ###
#g##########...... * , ,


ggg,, * #...... ,, ..... * #...... ....... #...... , ......... ######. *
..........# #. ............, # #. ..# #. You could see Robin, 2 hobgoblins and 2
goblins.

Vanquished Creatures
  A worm (D:2)
  2 dart slugs (D:2)
  4 ball pythons
  An endoplasm (D:1)
  3 giant cockroaches (D:1)
  2 hobgoblins
  3 jackals (D:1)
  6 kobolds
  A quokka (D:1)
  3 bats
  2 frilled lizards (D:1)
  8 goblins (D:2)
  6 rats
42 creatures vanquished.

Notes
Turn   | Place    | Note
-------+----------+-------------------------------------------
     0 | D:1      | holysushi the Meteoran Monk began the quest for the Orb.
     0 | D:1      | Reached XP level 1. HP: 19/19 MP: 2/2
   117 | D:1      | Reached XP level 2. HP: 17/26 MP: 3/3
   131 | D:1      | Reached skill level 4 in Short Blades
   356 | D:1      | Reached XP level 3. HP: 27/31 MP: 4/4
   605 | D:2      | Learned a level 2 spell: Blink
   925 | D:2      | Reached XP level 4. HP: 38/38 MP: 5/5
   928 | D:2      | Noticed Robin
   941 | D:2      | Reached skill level 5 in Short Blades
   969 | D:2      | Slain by a hobgoblin

Illustrated notes

Levels and vault maps discovered:
D:1:      minmay_arrival_open_corners, layout_basic, nrook_loot_triangle
D:2:      layout_basic, minmay_pentomino_x4, uniq_robin
D:3:      layout_basic, mainiacjoe_overflow_concentric_impassable,
          mainiacjoe_overflow_alcove_4, gammafunk_ghost_abyssal_escape,
          dreamdust_princess_bridge, st_stairs_12, uniq_natasha, uniq_grinder,
          uniq_crazy_yiuf_cottage

Skill      XL: |  1  2  3  4 |
---------------+-------------+-----
Short Blades   | 4 5 |  5.1
Fighting       | |  3.2
Dodging        | |  3.6
Stealth        | |  1.4

Action                   |  1- 3 |  4- 6 || total
-------------------------+-------+-------++-------
Melee: Short sword       |   125 |    42 ||   167
       Punch             |     4 |       ||     4
  Use: Scroll            |     5 |       ||     5
Armor: Robe              |    25 |     8 ||    33
Dodge: Dodged            |    77 |    22 ||    99

Table legend: (Time is in decaauts)
 A = Elapsed time spent in this place.
 B = Non-inter-level travel time spent in this place.
 C = Inter-level travel time spent in this place.
 D = Time resting spent in this place.
 E = Time spent auto-exploring this place.
 F = Levels seen in this place.
 G = Mean time per level.
                   A        B        C        D        E       F      G
               +--------+--------+--------+--------+--------+-----+--------+
         Total |    930 |    861 |     69 |      0 |      0 |   3 |  310.0 |
       Dungeon |    930 |    861 |     69 |      0 |      0 |   3 |  310.0 |
               +--------+--------+--------+--------+--------+-----+--------+

Top non-repeatable levels by time:
     D:1: 509 daAuts
     D:2: 417 daAuts
     D:3: 3 daAuts
